 Dungeon Crawl Stone Soup version 0.29.1-15-g9cfb28693d (webtiles) character file.

Game seed: 18168185256293875787

601 nightchill the Cleaver (level 7, -5/64 HPs)
             Began as a Hill Orc Fighter on Mar 3, 2023.
             Slain by an ice beast (14 damage)
             ... on level 4 of the Dungeon on Mar 6, 2023.
             The game lasted 00:08:34 (3847 turns).

nightchill the Cleaver (Hill Orc Fighter)           Turns: 3847, Time: 00:08:35

Health: -5/64      AC: 11    Str: 21    XL:     7   Next: 41%
Magic:  7/7        EV:  9    Int: 11    God:
Gold:   216        SH:  4    Dex: 10    Spells: 6/6 levels left

rFire   . . .      SeeInvis +   a - +0 war axe
rCold   . . .      Faith    .   c - +0 buckler
rNeg    . . .      Spirit   .   b - +0 scale mail
rPois   .          Reflect  .   o - +2 helmet {Int+3}
rElec   .          Harm     .   l - +0 cloak
rCorr   .          Rampage  .   (no gloves)
Will    .....                   (no boots)
Stlth   ..........              x - amulet of regeneration
HPRegen 1.00/turn               i - ring of see invisible
MPRegen 0.10/turn               (no ring)

@: lethally poisoned (-5 -> -5)
A: no striking features
a: no special abilities


You were on level 4 of the Dungeon.
You visited 1 branch of the dungeon, and saw 5 of its levels.
You also visited: Sewer.

You collected 216 gold pieces.

Inventory:

Hand Weapons
 a - a +0 war axe (weapon)
Armour
 b - a +0 scale mail (worn)
 c - a +0 buckler (worn)
 l - a +0 cloak (worn)
 o - a +2 helmet of intelligence (worn)
Jewellery
 i - a ring of see invisible (left hand)
 j - an amulet of reflection
 x - an amulet of regeneration (around neck)
 y - a +4 ring of slaying
Scrolls
 e - 2 scrolls of blinking
 f - 3 scrolls of fear
 m - 2 scrolls of noise
 n - a scroll of summoning {unknown}
 p - a scroll of silence {unknown}
 q - a scroll of enchant armour {unknown}
 s - 3 scrolls of teleportation
 t - a scroll of vulnerability {unknown}
 u - a scroll of torment {unknown}
 v - 2 scrolls of magic mapping {unknown}
 w - a scroll of poison {unknown}
 C - 2 scrolls of identify {unknown}
Potions
 d - 2 potions of curing {unknown}
 g - a potion of berserk rage {unknown}
 h - a potion of ambrosia {unknown}
 k - 3 potions of heal wounds {unknown}
 r - a potion of cancellation {unknown}
 z - 2 potions of brilliance {unknown}
 A - a potion of haste {unknown}
 B - a potion of degeneration {unknown}


   Skills:
 + Level 6.4 Fighting
 * Level 8.8 Axes
 - Level 3.2 Armour
 - Level 3.2 Shields


You had 6 spell levels left.
You didn't know any spells.
Your spell library contained the following spells:

 Spells                   Type           Power      Damage    Failure   Level
 Apportation              Tloc           0%         N/A       77%         1
 Sting                    Tmut/Pois      0%         1d3       77%         1
 Poisonous Vapours        Pois/Air       0%         N/A       88%         2
 Ozocubu's Armour         Ice            0%         N/A       98%         3
 Olgreb's Toxic Radiance  Pois           0%         N/A       100%        4
 Alistair's Intoxication  Tmut/Pois      0%         N/A       100%        5
 Metabolic Englaciation   Hex/Ice        0%         N/A       100%        5
 Simulacrum               Ice/Necr       0%         N/A       100%        6


Dungeon Overview and Level Annotations

Branches:
Dungeon (5/15)              Sewer (visited)
 Temple: D:4-7

Altars:
Vehumet

Annotations:
D:2 exclusion: 2 downstairs
D:3 Pargi


Message History

The water moccasin bites you.
* * * LOW HITPOINT WARNING * * *
You feel very sick.
There is a stone staircase leading up here.
You feel sick. You block the water moccasin's attack.
The ice beast closely misses you.
You climb upwards.
You feel very sick.
There is a stone staircase leading down here.
You barely miss the water moccasin. You barely miss the ice beast.
You feel sick.
The water moccasin bites you but does no damage.
The ice beast hits you but does no damage.
The water moccasin bites you but does no damage.
You closely miss the water moccasin. You barely miss the ice beast.
You feel sick. You block the water moccasin's attack.
The ice beast barely misses you.
You slash the water moccasin!
The water moccasin is severely wounded.
You hit the ice beast.
You feel sick.
The water moccasin bites you but does no damage.
The ice beast hits you but does no damage.
The water moccasin bites you but does no damage.
You closely miss the water moccasin.
The water moccasin is severely wounded.
You completely miss the ice beast.
You feel sick. You block the ice beast's attack.
The water moccasin barely misses you. The ice beast hits you.
* * * LOW HITPOINT WARNING * * *
The ice beast freezes you!
* * * LOW HITPOINT WARNING * * *
You closely miss the water moccasin.
The water moccasin is severely wounded.
You closely miss the ice beast.
You feel sick. The water moccasin barely misses you.
The water moccasin bites you but does no damage.
The ice beast hits you.
* * * LOW HITPOINT WARNING * * *
The ice beast freezes you!
You die...

#####..).....#.# #....###
...............#######......#
#####................#....#.# #
#..............#.#....#.# ###
#######..#..#.........#.# ..#
#.................#.#### #.#
###.#..#.................## #.#
#.#....#.S................. #.#
#.#.#.....@Y.............##
..#####......#..............##.#
#........<.....................#
#.####..#.#....................#
#...............##...#.#.......#
#.####..#.#.##..##..........####
#.####..#.####..##...###.#..#
#.......#.# #..##.#.# #.#..#
######....# #.......# #.#..#


You could see a water moccasin and an ice beast.

Vanquished Creatures
  Sigmund (D:2)
  A water moccasin (Sewer)
  A scorpion (D:4)
  2 howler monkeys (D:4)
  An iguana (D:4)
  5 adders
  A gnoll (D:1)
  A river rat (D:3)
  3 ufetubi
  3 worms
  3 dart slugs
  5 orcs
  9 endoplasms
  3 giant cockroaches
  8 goblins
  7 hobgoblins
  2 quokkas (D:3)
  10 ball pythons
  3 bats
  8 frilled lizards
  9 kobolds
  4 rats
90 creatures vanquished.

Notes
Turn   | Place    | Note
-------+----------+-------------------------------------------
     0 | D:1      | nightchill the Hill Orc Fighter began the quest for the
                  | Orb.
     0 | D:1      | Reached XP level 1. HP: 19/19 MP: 1/1
    92 | D:1      | Reached skill level 3 in Axes
   316 | D:1      | Reached XP level 2. HP: 27/27 MP: 2/2
   959 | D:1      | Found a faded altar of an unknown god.
  1047 | D:1      | Reached skill level 4 in Axes
  1047 | D:1      | Reached XP level 3. HP: 28/33 MP: 3/3
  1600 | D:2      | You fall into a shaft and drop 1 floor!
  1706 | D:3      | Reached XP level 4. HP: 41/41 MP: 4/4
  1738 | D:3      | Reached skill level 5 in Axes
  1825 | D:3      | Found a glowing drain.
  1829 | Sewer    | Entered a sewer
  1955 | Sewer    | Noticed a water moccasin
  1974 | Sewer    | Killed a water moccasin
  1975 | Sewer    | Reached skill level 5 in Fighting
  1975 | Sewer    | Reached skill level 6 in Axes
  1975 | Sewer    | Reached XP level 5. HP: 13/48 MP: 5/5
  2337 | D:3      | Found a radiant altar of Vehumet.
  2857 | D:3      | Noticed Pargi
  2915 | D:3      | Reached XP level 6. HP: 56/56 MP: 6/6
  3025 | D:3      | Noticed Sigmund
  3058 | D:2      | Killed Sigmund
  3059 | D:2      | Reached skill level 7 in Axes
  3252 | D:4      | Reached skill level 8 in Axes
  3252 | D:4      | Reached XP level 7. HP: 63/63 MP: 7/7
  3744 | D:5      | Entered Level 5 of the Dungeon
  3847 | D:4      | Slain by an ice beast

Illustrated notes

Levels and vault maps discovered:
D:1:      nicolae_arrival_somewhat_less_tricky_arrival, layout_loops_corners,
          dreamdust_ecumenical_altar_grove, hex_medium
D:2:      layout_rooms, kennysheep_big_empty_room
D:3:      layout_basic, mainiacjoe_overflow_alcove_1, nicolae_vehumet_radiance,
          gup_sewer_entry_spiral, uniq_pargi, uniq_sigmund
D:4:      layout_basic
D:5:      layout_basic

Skill      XL: |  1  2  3  4  5  6 |
---------------+-------------------+-----
Axes           | 3 4 6 8 |  8.8
Fighting       | 4 5 6 |  6.4
Armour         | |  3.2
Shields        | |  3.2

Action                   |  1- 3 |  4- 6 |  7- 9 || total
-------------------------+-------+-------+-------++-------
Melee: War axe           |    90 |   146 |    74 ||   310
  Use: Potion            |       |     1 |       ||     1
       Scroll            |       |     4 |       ||     4
Armor: Scale mail        |    36 |    55 |    40 ||   131
Dodge: Dodged            |    36 |    48 |    39 ||   123
Block: Buckler           |    48 |    57 |    26 ||   131
       Reflection        |     1 |     1 |       ||     2
